Cogmind - Beta 15 @@@ ROGUE MODE // 2025.09.17 @ 15:30:32 Player: Berinjela Result: Destroyed by G-67 Veteran with Field Laser Performance ------------- Evolutions (6) 3000 Regions Visited (11) 2200 Robots Destroyed (196) 980 Value Destroyed (7896) 7896 Prototype IDs (9) 180 Alien Tech Used (0) 0 Bonus (2921) 2921 TOTAL SCORE: 17177 Bonus ------- High Alert Combat Kills 2429 Follower Combat Kills 526 Friendly Fire -34 Cogmind --------- Core Integrity 0/1150 Matter 225/300 Energy 99/100 System Corruption 2% Temperature Cool (0) Movement Core (50) Location -4/Factory Parts ------- > --- POWER (3) -------- (None) > --- PROPULSION (7) --- Gyrokinetic Inverter > --- UTILITY (5) ------ (None) > --- WEAPON (4) ------- (None) > --- INVENTORY (5) ---- Gyrokinetic Inverter Improved Linear Gravjet Field Propulsion Drive PL-3XN's Ring of Power Peak State ------------ > --- POWER ------------ Neutrino Core Micro Fission Core > --- PROPULSION ------- Heavy Treads Carbon-fiber Leg Carbon-fiber Leg Thunder Leg Enhanced Flexi-carbon Leg Advanced VSS Leg > --- UTILITY ---------- High-capacity Storage Unit IFF Parser Advanced Targeting Computer Core Analyzer > --- WEAPON ----------- Heavy Plasma Cannon Cooled Plasma Cannon KE Penetrator Ragnarok Missile Launcher > --- INVENTORY -------- Fission Core Fission Core Fission Core Armored Medium Treads Antigrav System Antigrav System Antigrav System Improved Antigrav System Advanced Heat Sink Large Storage Unit Huge Storage Unit Weight Redist. System Core Analyzer Improved System Restoration Module Heavy Phase Cannon Advanced EMP Blaster Ragnarok Missile Launcher Improved Plasma Cutter Powered Hammer PL-3XN's Ring of Power [Rating: 100] Favorites ----------- Power Improved Deuterium Engine Engine Improved Deuterium Engine Power Core Micro Fission Core Propulsion Armored Treads Treads Armored Treads Leg Enhanced Flexi-carbon Leg Hover Unit Antigrav System Flight Unit Flight Unit Utility High-capacity Storage Unit Device Improved Heat Sink Storage High-capacity Storage Unit Processor Advanced Targeting Computer Weapon Cooled Plasma Cannon Energy Gun Heavy Particle Gun Energy Cannon Cooled Plasma Cannon Ballistic Gun Light Assault Rifle Ballistic Cannon Enhanced Gauss Cannon Launcher Missile Launcher Special Weapon Mining Laser Impact Weapon Powered Hammer Slashing Weapon Katana Build | -11 -10 -9 -9 -8 -8 -7 -6 -6 -6 -5 -4 ------- Run | Yrd Mat Mat Min Mat Sto Fac Fac Low Low Fac Fac Slots Evolved 12 | . . 2 . 2 . 2 2 . . 2 2 Power 2 | . . . . . . 1 . . . . 1 Propulsion 5 | . . . . 2 . . 2 . . 1 . Utility 3 | . . . . . . 1 . . . 1 1 Weapon 2 | . . 2 . . . . . . . . . Parts Attached 135 | 6 4 7 6 8 21 3 13 4 . 60 3 Power 18 | 1 1 . 1 1 5 1 1 . . 7 . Engine 12 | 1 1 . 1 1 5 1 1 . . 1 . Core 6 | . . . . . . . . . . 6 . Reactor . | . . . . . . . . . . . . Propulsion 63 | 2 1 4 2 5 9 . 5 . . 33 2 Treads 26 | . . . 2 . 9 . 5 . . 10 . Leg 17 | 2 1 2 . . . . . . . 12 . Wheel . | . . . . . . . . . . . . Hover 15 | . . 2 . 1 . . . . . 10 2 Flight 5 | . . . . 4 . . . . . 1 . Utility 19 | 1 1 . . . 2 1 1 2 . 10 1 Device 10 | . . . . . . . 1 2 . 7 . Storage 3 | 1 . . . . 2 . . . . . . Processor 6 | . 1 . . . . 1 . . . 3 1 Hackware . | . . . . . . . . . . . . Protection . | . . . . . . . . . . . . Artifact . | . . . . . . . . . . . . Weapon 35 | 2 1 3 3 2 5 1 6 2 . 10 . Energy Gun 8 | . . 2 . . 2 . . 1 . 3 . Energy Cannon 4 | . . . . . . . 2 1 . 1 . Ballistic Gun 10 | 2 . 1 2 . 1 1 1 . . 2 . Ballistic Cannon 1 | . . . . . . . . . . 1 . Launcher 7 | . . . 1 . 2 . 2 . . 2 . Special Weapon 2 | . 1 . . . . . . . . 1 . Impact Weapon 1 | . . . . . . . 1 . . . . Slashing Weapon 2 | . . . . 2 . . . . . . . Piercing Weapon . | . . . . . . . . . . . . Special Melee Weapon . | . . . . . . . . . . . . Unidentified Prototypes 9 | . . . . . 5 . 1 . . 3 . Corrupted Parts 1 | . . . . . . . . . . 1 . System Corruption 1 | . . . . . . . . . . 1 . Parts Lost 67 | . . . 3 2 2 9 4 3 2 25 17 Power 8 | . . . . 1 . 2 . . 1 2 2 Propulsion 31 | . . . 1 1 2 3 2 1 1 13 7 Utility 6 | . . . . . . . . 1 . 1 4 Weapon 22 | . . . 2 . . 4 2 1 . 9 4 Highest Loss Streak 15 | . . . 2 1 2 5 4 2 2 7 15 To Critical Strikes 3 | . . . . . . . 2 . . 1 . Average Backups 16 | 3 7 7 7 7 15 19 18 19 19 17 7 Power 2 | . 1 1 1 1 2 2 2 4 4 3 . Propulsion 1 | 2 3 2 3 2 . 1 . . . 2 3 Utility 6 | . . 1 2 2 5 8 9 9 9 7 1 Weapon 4 | . 2 2 1 2 6 6 5 6 6 4 3 Tool/Special . | . . . . . . . . . . . . Unused Backups 29 | . 3 2 1 1 1 1 2 . . 11 7 Power 5 | . . 1 . . . 1 2 . . 1 . Propulsion 8 | . 2 . . . 1 . . . . 2 3 Utility 11 | . . 1 1 1 . . . . . 7 1 Weapon 5 | . 1 . . . . . . . . 1 3 Tool/Special . | . . . . . . . . . . . . Average Slot Usage (%) 92 | . 90 96 92 98 99 97 94 94 84 89 67 Engine 8 | . 14 11 11 8 8 14 13 13 8 2 . Core 2 | . . . . . . . . . . 7 5 Treads 22 | . . . 18 . 31 28 35 34 28 16 . Leg 5 | . 28 12 . . . . . . . 11 . Hover 3 | . . 9 3 4 1 . . . . 4 27 Flight 1 | . . . . 29 2 . . . . . . Device 3 | . . . . . . . 2 6 6 6 7 Storage 6 | . 14 11 11 9 9 7 6 6 6 4 3 Processor 9 | . 5 11 11 9 9 14 10 6 6 9 6 Energy Gun 4 | . . 17 7 . 12 10 . . . 1 7 Energy Cannon 5 | . . . . . . . 4 12 13 7 . Ballistic Gun 9 | . 26 16 19 23 17 11 10 . . 4 . Launcher 3 | . . . 9 1 2 . 4 10 13 3 . Slashing Weapon 1 | . . . . 10 3 7 3 . . . . Peak Build Rating 100 | 6 8 15 15 20 27 33 54 58 55 100 97 Average Rating 49 | 4 6 12 11 16 24 30 43 55 49 75 70 On Entrance 29 | . 6 8 15 11 20 27 28 54 55 47 87 Naked Turns . | . . . . . . . . . . . . Heaviest Build 102 | 14 14 17 18 18 63 65 88 89 88 102 63 Greatest Support 120 | 20 20 20 40 16 80 80 120 120 100 120 75 Greatest Overweight (x) 3 | 1 . 2 2 1 1 1 1 1 . 3 1 Average Overweight (x) . | . . . . . . . . . . . . Largest Inventory Capacity 20 | 8 8 8 8 8 20 20 20 20 20 20 15 Average Capacity 17 | 6 8 8 8 8 17 20 20 20 20 18 12 Most Carried 20 | 6 8 8 8 8 20 20 20 20 19 20 12 Average Carried 16 | 3 7 7 7 7 15 19 18 19 19 17 8 Final Capacity 20 | 8 8 8 8 8 20 20 20 20 20 15 5 Final Carried 20 | 6 8 7 8 8 20 17 20 19 19 8 4 Class Distribution -------------------- 36% | Scavenger-Gunner 24% | Gunner 13% | Scavenger-Skirmisher 9% | Mutant 7% | Scavenger-Mutant 4% | Skirmisher Dominant Class ---------------- Mutant | -10/Materials Skirmisher | -9/Materials Scavenger-Skirmisher | -9/Mines Scavenger-Mutant | -8/Materials Scavenger-Skirmisher | -8/Storage Scavenger-Gunner | -7/Factory Scavenger-Gunner | -6/Factory Gunner | -6/Lower Caves Gunner | -6/Lower Caves Scavenger-Gunner | -5/Factory Scavenger-Gunner | -4/Factory Resources | -11 -10 -9 -9 -8 -8 -7 -6 -6 -6 -5 -4 ----------- Run | Yrd Mat Mat Min Mat Sto Fac Fac Low Low Fac Fac Matter Collected 4694 | 240 200 50 137 60 828 109 217 549 30 2196 78 Remotely . | . . . . . . . . . . . . Salvage Created 7479 | . 223 50 157 174 1312 295 309 652 25 4031 251 Parts 373 | . 17 4 21 6 76 17 15 20 5 182 10 Haulers Intercepted 4 | . . . . . 4 . . . . . . Recyclers Shooed 9 | . . . . . 1 . . . . 8 . Parts Field Recycled . | . . . . . . . . . . . . Retrieved Matter . | . . . . . . . . . . . . Parts Self-Destructed 18 | . . . . . . . . 11 7 . . Prevented . | . . . . . . . . . . . . Kills | -11 -10 -9 -9 -8 -8 -7 -6 -6 -6 -5 -4 ------- Run | Yrd Mat Mat Min Mat Sto Fac Fac Low Low Fac Fac Combat Hostiles Destroyed 152 | . 7 1 11 3 21 6 10 18 3 66 6 Melee 7 | . . . . 3 . 2 1 1 . . . Guns 43 | . 7 1 3 . 14 4 4 . . 9 1 Cannons 27 | . . . . . . . . 4 . 22 1 AOE 68 | . . . 8 . 7 . 4 12 3 30 4 Classes Destroyed 18 | . 4 . 1 2 6 1 . 1 . 3 . Worker 11 | . 1 . . . 2 . . . . 8 . Builder 9 | . . . . . 4 . . . . 3 2 Hauler 4 | . . . . . 4 . . . . . . Recycler 11 | . . . . . 3 . . . . 7 1 Mechanic 3 | . . . . . . . . . . 3 . Operator 1 | . . . . . 1 . . . . . . Watcher 5 | . 1 . . . 1 . . . . 3 . Swarmer 46 | . 3 . 8 . 7 1 4 4 3 12 4 Grunt 41 | . 4 1 2 . 6 . 3 6 . 19 . Brawler 4 | . . . . . . . . . . 4 . Duelist 7 | . . . . . 2 . 1 1 . 3 . Protector 3 | . . . . . 1 . . . . 2 . Sentry 15 | . . . . 2 5 2 . 2 . 4 . Demolisher 1 | . . . 1 . . . . . . . . Specialist 5 | . . . . . . . . . . 5 . Hunter 5 | . . . . 1 . 1 1 1 . 1 . Programmer 21 | . . . . . . 2 1 . . 16 2 Thug 1 | . . . . . . . . 1 . . . Fireman 3 | . . . . . . . . 3 . . . Best Kill Streak 13 | . 7 1 4 2 9 1 4 6 3 13 4 Combat Bots Only 9 | . 5 1 4 2 5 1 4 6 3 9 4 Max Kills in Single Turn 5 | . 2 1 4 1 3 1 2 3 3 5 3 Gunslinging 1 | . . . . . 1 . . . . . . Exploded 3 | . . . 3 . 2 . 2 3 3 3 3 Melee 1 | . . . . 1 . 1 1 1 . . . Uniques/NPCs Destroyed . | . . . . . . . . . . . . Combat | -11 -10 -9 -9 -8 -8 -7 -6 -6 -6 -5 -4 -------- Run | Yrd Mat Mat Min Mat Sto Fac Fac Low Low Fac Fac Hostile Shots Fired 1010 | . 45 15 29 25 83 125 85 89 15 312 187 Missed 317 | . 15 5 9 7 30 38 23 24 7 90 69 Hits 693 | . 30 10 20 18 53 87 62 65 8 222 118 Melee 7 | . . . . . 2 . . . . 5 . Projectile 686 | . 30 10 20 18 51 87 62 65 8 217 118 AOE 5 | . . . 4 . . . . . . 1 . Critical Strikes 28 | . . . . 1 1 . 3 4 . 15 4 Part Disruptions 4 | . . . . . . . . 1 . 3 . Damage Taken 12717 | . 298 132 454 281 862 796 1006 1032 119 5323 2414 Core 2341 | . 90 23 112 80 98 53 79 166 16 473 1151 Absorbed by Shields . | . . . . . . . . . . . . Core Remaining (%) 72 | 100 64 . 66 . 67 92 . . 69 52 . Volleys Fired 308 | . 27 6 8 7 60 21 19 21 2 130 7 Largest 4 | . 2 4 4 3 4 3 3 4 4 4 3 Hottest 280 | . 100 120 130 60 200 125 159 210 142 280 208 Shots Fired 872 | . 52 12 25 17 215 61 51 68 8 346 17 Gun 538 | . 50 8 17 17 207 61 39 7 . 122 10 Cannon 237 | . . . . . . . 6 41 4 181 5 Launcher 90 | . . . 8 . 7 . 6 20 4 43 2 Special 7 | . 2 4 . . 1 . . . . . . Kinetic 395 | . 50 4 12 17 124 29 39 1 . 114 5 Thermal 315 | . 2 4 . . 50 16 6 41 4 182 10 Explosive 82 | . . . 8 . 5 . 6 20 4 37 2 Electromagnetic 80 | . . 4 5 . 36 16 . 6 . 13 . Robot Hit Streak 22 | . 9 4 8 11 13 18 9 6 1 22 4 Robot Miss Streak 10 | . 4 1 1 4 6 3 10 2 2 9 4 Penetration Max 1 | . . . . . . . . . . 1 . Secondary Targets 2 | . 1 . . . 1 . . . . . . Max Gunslinging Chain 1 | . 1 . . . 1 . . . . . . Shots Hit Robots 534 | . 29 6 13 25 100 59 40 39 1 208 14 Core Hits 347 | . 12 2 20 7 60 18 29 41 5 142 11 Critical Kills 6 | . . . . . . . . 1 . 5 . Critical Parts Destroyed 3 | . . . . . . . 1 . . 2 . Critical Strikes 18 | . . . . 2 2 4 1 1 . 7 1 Burn 2 | . . . . . 1 1 . . . . . Meltdown 4 | . . . . . . . . 1 . 3 . Destroy 3 | . . . . . . . . . . 3 . Blast 1 | . . . . . . . . . . . 1 Corrupt 1 | . . . . . 1 . . . . . . Smash 2 | . . . . . . . 1 . . 1 . Sever 5 | . . . . 2 . 3 . . . . . Melee Attacks 66 | . . . . 17 19 12 5 5 . 4 4 Impact 15 | . . . . . . . 3 4 . 4 4 Slashing 51 | . . . . 17 19 12 2 1 . . . Piercing . | . . . . . . . . . . . . Sneak Attacks 10 | . . . . 2 3 2 . . . . 3 Combat Hostiles . | . . . . . . . . . . . . Follow-up Attacks 6 | . . . . 3 . . 2 1 . . . Damage Inflicted 23895 | . 391 72 526 382 2552 1134 1096 2207 206 13974 1355 Guns 5098 | . 391 72 74 70 1409 726 368 53 . 1810 125 Cannons 5471 | . . . . . . . 128 735 31 4469 108 Explosions 11571 | . . . 442 . 890 . 439 1267 175 7524 834 Melee 1632 | . . . . 312 235 408 161 152 . 88 276 Ramming 123 | . . . 10 . 18 . . . . 83 12 Kinetic 3605 | . 391 30 53 70 599 344 368 22 . 1620 108 Thermal 7154 | . . . . . 647 271 128 735 31 5217 125 Explosive 10129 | . . . 442 . 627 . 439 1267 175 6345 834 Electromagnetic 1252 | . . 42 21 . 426 111 . 31 . 621 . Impact 612 | . . . . . . . 96 152 . 88 276 Slashing 1020 | . . . . 312 235 408 65 . . . . Piercing . | . . . . . . . . . . . . Highest Corruption 10 | . . . . . 1 4 3 3 3 10 2 Average Corruption 3 | . . . . . 1 3 2 3 3 4 1 Corruption Purged 19 | . . . . . . . . . . 19 . Corruption Blocked . | . . . . . . . . . . . . Effects 113 | . . . . . 7 15 7 18 3 59 4 Message Errors 28 | . . . . . 3 2 3 3 . 17 . Matter Fused 26 | . . . . . 2 2 2 4 2 13 1 Heat Flow Errors 20 | . . . . . 1 4 . 5 . 9 1 Energy Discharges 14 | . . . . . . 1 . 3 . 10 . Parts Rejected 2 | . . . . . . . . . . 1 1 Parts Fused 1 | . . . . . . . . . 1 . . Data Loss (minor) 12 | . . . . . . 2 2 3 . 4 1 Data Loss (major) 4 | . . . . . . 1 . . . 3 . Misfires 3 | . . . . . . 2 . . . 1 . Alerts 1 | . . . . . 1 . . . . . . Weapon Failures 2 | . . . . . . 1 . . . 1 . Overload Shots 6 | . . . . . . . . . . 6 . Effects 1 | . . . . . . . . . . 1 . Heat Surge 1 | . . . . . . . . . . 1 . Overflow Damage 1295 | . . . 34 . 22 9 72 22 6 778 352 Projectiles 145 | . . . . . . . . . 6 139 . Explosions 798 | . . . 34 . 12 . . 22 . 564 166 Melee 352 | . . . . . 10 9 72 . . 75 186 Knockbacks 4 | . . . . . . . 1 . . . 3 Impact 3 | . . . . . . . 1 . . . 2 Kinetic 1 | . . . . . . . . . . . 1 Secondary . | . . . . . . . . . . . . Self-Inflicted Damage 1030 | . . . 108 . 133 . 30 151 . 457 151 Shots 24 | . . . 3 . 4 . 1 4 . 10 2 Rammed 13 | . . . 2 . 1 . 1 . . 6 3 Targets Rammed 15 | . . . 2 . 1 . 1 . . 8 3 Kicked 1 | . . . . . . . . . . 1 . Crushed 1 | . . . . . . . . . . 1 . Highest Temperature 693 | . 20 91 81 28 357 341 126 693 23 510 233 Average Temperature 123 | . 9 27 28 13 123 121 42 198 11 134 76 Received Heat Transfer 2436 | . 108 51 63 45 225 102 45 593 9 837 358 Effects 29 | . . . . . 3 . . 7 . 19 . Shutdowns 12 | . . . . . . . . 4 . 8 . Energy Bleed 3 | . . . . . 1 . . 1 . 1 . Interference 5 | . . . . . 1 . . . . 4 . Short Circuit 4 | . . . . . . . . . . 4 . Damage (minor) 4 | . . . . . 1 . . 1 . 2 . Damage (major) 1 | . . . . . . . . 1 . . . Siege Activations . | . . . . . . . . . . . . Martial Activations . | . . . . . . . . . . . . Shielding Activations . | . . . . . . . . . . . . Robots Disrupted . | . . . . . . . . . . . . Combat Hostiles . | . . . . . . . . . . . . Robots Corrupted 4 | . . . . . . . 1 . . 1 2 Combat Hostiles 2 | . . . . . . . 1 . . 1 . Parts Fried 8 | . . . . . . . 1 . . 3 4 Impact Corruptions 12 | . . . . . . . 3 . . 3 6 Robots Melted 5 | . . . . . . . . 1 . 4 . Combat Hostiles 5 | . . . . . . . . 1 . 4 . Parts Melted 28 | . . . . . 1 3 . 4 . 20 . Heat Transferred 10008 | . . . . . 1160 555 200 1300 50 6544 199 Parts Sabotaged . | . . . . . . . . . . . . Parts Stolen . | . . . . . . . . . . . . Parts Stripped . | . . . . . . . . . . . . Power Chain Reactions 6 | . . . . . 4 . . . . 2 . Alert | -11 -10 -9 -9 -8 -8 -7 -6 -6 -6 -5 -4 ------- Run | Yrd Mat Mat Min Mat Sto Fac Fac Low Low Fac Fac Maximum Alert Level 5 | . . . 1 . 4 2 . . . 5 4 Low Security (%) 37 | 100 100 100 27 100 48 35 100 . . 7 . Level 1 17 | . . . 73 . 9 48 . . . 16 . Level 2 11 | . . . . . 2 16 . . . 21 . Level 3 7 | . . . . . 29 . . . . 6 8 Level 4 12 | . . . . . 9 . . . . 19 91 Level 5 11 | . . . . . . . . . . 27 . High Security . | . . . . . . . . . . . . Max Security . | . . . . . . . . . . . . Peak Influence 2367 | . 162 68 327 108 1156 477 154 . . 2367 1332 Initial 1152 | . . 31 26 108 34 477 48 . . 12 1152 Average 645 | . 66 26 239 81 511 269 54 . . 1109 1161 Influence Increases 7342 | . 221 159 521 105 1741 170 336 300 70 3259 460 Destroy 0b10 Robot/C 3360 | . 140 20 340 60 740 120 200 280 60 1280 120 Destroy 0b10 Robot/NC 240 | . 10 . . . 85 . . . . 130 15 Destroy Leader 718 | . 32 . 60 30 180 50 40 20 10 276 20 Allied During Kill 311 | . . . 18 . 293 . . . . . . Successful Hack 18 | . 7 . . . . . . . . . 11 Disable Machine 885 | . . . 30 . 165 . . . . 675 15 Anti-Garrison Action 150 | . . . . . 150 . . . . . . Destroy Structure 985 | . 2 4 43 . 68 . 36 . . 778 54 Partial Spotted 30 | . . . . 15 . . . . . 15 . Lose Combat Pursuer 645 | . 30 135 30 . 60 . 60 . . 105 225 Influence Decreases 6010 | . 147 164 311 301 774 1121 397 338 50 926 1481 Entered New Map 2154 | . . 43 43 171 49 573 51 15 . 8 1201 Time Decay 3046 | . 147 121 198 110 525 458 346 313 50 668 110 Lost Part 590 | . . . 30 20 20 90 . 10 . 250 170 Lost Ally 220 | . . . 40 . 180 . . . . . . Squads Dispatched 43 | . 2 1 . . 5 4 3 . . 24 4 Investigation 5 | . 1 1 . . 1 . 1 . . . 1 Extermination 12 | . . . . . . 2 1 . . 8 1 Reinforcement 15 | . 1 . . . 1 . 1 . . 10 2 Assault 8 | . . . . . 2 . . . . 6 . Garrison 3 | . . . . . 1 2 . . . . . Intercept . | . . . . . . . . . . . . Searches Triggered . | . . . . . . . . . . . . Construction Impeded 3 | . . . . . . . . . . 2 1 Haulers Reinforced 1 | . . . . . . . . . . 1 . Active Scanning Responses . | . . . . . . . . . . . . Cargo Convoy Interrupts 1 | . . . . . . . . . . 1 . Stealth | -11 -10 -9 -9 -8 -8 -7 -6 -6 -6 -5 -4 --------- Run | Yrd Mat Mat Min Mat Sto Fac Fac Low Low Fac Fac Distress Signals 5 | . . . 1 . 1 . . . . 2 1 Communications Jammed . | . . . . . . . . . . . . Distress Signals . | . . . . . . . . . . . . Times Spotted 261 | . 13 10 19 9 43 8 16 17 6 87 33 Peak Tracking Total 18 | . 5 7 6 4 11 2 4 5 4 9 18 Tactical Retreats 25 | . 1 3 1 . 4 . 2 1 . 6 7 Traps | -11 -10 -9 -9 -8 -8 -7 -6 -6 -6 -5 -4 ------- Run | Yrd Mat Mat Min Mat Sto Fac Fac Low Low Fac Fac Traps Triggered 9 | . 1 1 . . 2 . 3 . . 1 1 Indirectly . | . . . . . . . . . . . . Trap Hack Attempts . | . . . . . . . . . . . . Triggered . | . . . . . . . . . . . . Disarmed . | . . . . . . . . . . . . Reprogrammed . | . . . . . . . . . . . . Reused . | . . . . . . . . . . . . Traps Extracted . | . . . . . . . . . . . . Installed . | . . . . . . . . . . . . Triggered . | . . . . . . . . . . . . Machines | -11 -10 -9 -9 -8 -8 -7 -6 -6 -6 -5 -4 ---------- Run | Yrd Mat Mat Min Mat Sto Fac Fac Low Low Fac Fac Machines Disabled 61 | . . . 2 . 12 . . 1 . 45 1 Max in Single Turn 10 | . . . 1 . 2 . . 1 . 10 1 Garrison Access 1 | . . . . . 1 . . . . . . Machines Repaired . | . . . . . . . . . . . . Machines Dismantled 1 | . . . . . . . . . . 1 . Machines Sabotaged . | . . . . . . . . . . . . Overloaded Fab Kills . | . . . . . . . . . . . . Hacking | -11 -10 -9 -9 -8 -8 -7 -6 -6 -6 -5 -4 --------- Run | Yrd Mat Mat Min Mat Sto Fac Fac Low Low Fac Fac Machines Accessed 10 | . 2 . . 1 5 . . . . . 2 Terminals 10 | . 2 . . 1 5 . . . . . 2 Fabricators . | . . . . . . . . . . . . Repair Stations . | . . . . . . . . . . . . Recycling Units . | . . . . . . . . . . . . Scanalyzers . | . . . . . . . . . . . . Garrison Access . | . . . . . . . . . . . . Total Hacks 16 | . 2 . . 1 7 . . . . . 6 Successful 11 | . 2 . . 1 5 . . . . . 3 Failed 5 | . . . . . 2 . . . . . 3 Catastrophic 1 | . . . . . 1 . . . . . . Database Lockouts . | . . . . . . . . . . . . Manual . | . . . . . . . . . . . . Terminals 16 | . 2 . . 1 7 . . . . . 6 Fabricators . | . . . . . . . . . . . . Repair Stations . | . . . . . . . . . . . . Recycling Units . | . . . . . . . . . . . . Scanalyzers . | . . . . . . . . . . . . Garrison Access . | . . . . . . . . . . . . Terminal Hacks 11 | . 2 . . 1 5 . . . . . 3 Record 3 | . . . . . . . . . . . 3 Open Door 1 | . . . . . 1 . . . . . . Alert Level 2 | . . . . 1 1 . . . . . . Locate Traps 2 | . 1 . . . 1 . . . . . . Dispatch Records 1 | . . . . . 1 . . . . . . Maintenance Status 1 | . 1 . . . . . . . . . . Zone Layout 1 | . . . . . 1 . . . . . . Fabricator Hacks . | . . . . . . . . . . . . Repair Station Hacks . | . . . . . . . . . . . . Recycling Unit Hacks . | . . . . . . . . . . . . Scanalyzer . | . . . . . . . . . . . . Garrison Access Hacks . | . . . . . . . . . . . . Unauthorized Hacks . | . . . . . . . . . . . . Terminals . | . . . . . . . . . . . . Fabricators . | . . . . . . . . . . . . Repair Stations . | . . . . . . . . . . . . Recycling Units . | . . . . . . . . . . . . Scanalyzers . | . . . . . . . . . . . . Garrison Access . | . . . . . . . . . . . . Data Cores Recovered . | . . . . . . . . . . . . Used . | . . . . . . . . . . . . Hacking Detections 4 | . . . . . 2 . . . . . 2 Full Trace Events 1 | . . . . . . . . . . . 1 Feedback Events . | . . . . . . . . . . . . Feedback Blocked . | . . . . . . . . . . . . Robot Schematics Acquired . | . . . . . . . . . . . . Robots Built . | . . . . . . . . . . . . Authchips . | . . . . . . . . . . . . Time . | . . . . . . . . . . . . Total Robot Build Rating . | . . . . . . . . . . . . Part Schematics Acquired . | . . . . . . . . . . . . Parts Built . | . . . . . . . . . . . . Authchips . | . . . . . . . . . . . . Time . | . . . . . . . . . . . . Total Part Build Rating . | . . . . . . . . . . . . Parts Repaired . | . . . . . . . . . . . . Time . | . . . . . . . . . . . . Parts Recycled . | . . . . . . . . . . . . Recycled Matter . | . . . . . . . . . . . . Retrieved Matter . | . . . . . . . . . . . . Retrieved Components . | . . . . . . . . . . . . Parts Scanalyzed . | . . . . . . . . . . . . Part Schematics Acquired . | . . . . . . . . . . . . Parts Damaged . | . . . . . . . . . . . . Bothacking | -11 -10 -9 -9 -8 -8 -7 -6 -6 -6 -5 -4 ------------ Run | Yrd Mat Mat Min Mat Sto Fac Fac Low Low Fac Fac Used RIF Installer . | . . . . . . . . . . . . Robots Hacked . | . . . . . . . . . . . . Non-combat . | . . . . . . . . . . . . Combat . | . . . . . . . . . . . . Robot Hacks Applied . | . . . . . . . . . . . . Relay Couplers Released 4 | . . . . . 1 . . . . 3 . Machine Destruction 1 | . . . . . 1 . . . . . . Programmers 3 | . . . . . . . . . . 3 . Fabnet Peak Effective % . | . . . . . . . . . . . . Robots Rewired . | . . . . . . . . . . . . Allies Hacked . | . . . . . . . . . . . . Hacks Repelled . | . . . . . . . . . . . . Allies | -11 -10 -9 -9 -8 -8 -7 -6 -6 -6 -5 -4 -------- Run | Yrd Mat Mat Min Mat Sto Fac Fac Low Low Fac Fac Total Allies 12 | . . . 2 . 10 . . . . . . Largest Group 10 | . . . 2 . 10 . . . . . . Highest-Rated Group 173 | . . . 48 . 173 . . . . . . Highest-Rated Ally 31 | . . . 31 . 29 . . . . . . Total Orders . | . . . . . . . . . . . . Ally Attacks 147 | . . . 19 . 128 . . . . . . Total Damage 1738 | . . . 272 . 1466 . . . . . . Kills 25 | . . . 6 . 19 . . . . . . Allies Corrupted . | . . . . . . . . . . . . Allies Melted . | . . . . . . . . . . . . Intel | -11 -10 -9 -9 -8 -8 -7 -6 -6 -6 -5 -4 ------- Run | Yrd Mat Mat Min Mat Sto Fac Fac Low Low Fac Fac Active Infowar (turns) 5626 | . 179 264 400 223 1462 1144 574 . . 1223 157 Optics 4246 | . 179 264 400 223 1462 1144 574 . . . . IFF 1072 | . . . . . . . . . . 1072 . Cloaking 338 | . . . . . . . . . . 181 157 Robot Analysis Total . | . . . . . . . . . . . . Derelict Logs Recovered 4 | . . . 2 . . . . 2 . . . Drone Launches . | . . . . . . . . . . . . Drone Recoveries . | . . . . . . . . . . . . Exploration | -11 -10 -9 -9 -8 -8 -7 -6 -6 -6 -5 -4 ------------- Run | Yrd Mat Mat Min Mat Sto Fac Fac Low Low Fac Fac Turns Passed 10625 | 70 454 264 400 223 1462 1144 916 1407 148 3914 223 Spaces Moved 6554 | 49 288 272 292 311 721 605 465 763 83 2445 260 Core 82 | 5 . . . . . . . . . . 77 Treads 4038 | . . . 187 . 721 605 465 763 83 1214 . Legs 914 | 44 288 94 . . . . . . . 488 . Wheels . | . . . . . . . . . . . . Hover 1209 | . . 178 105 . . . . . . 743 183 Flight 311 | . . . . 311 . . . . . . . Fastest Speed 31 | 50 120 56 56 31 160 160 162 168 170 40 33 Average Speed 136 | 113 120 78 123 38 160 167 174 170 170 132 65 Slowest Speed 270 | 120 120 180 180 114 240 240 240 250 170 270 101 Overloaded Moves . | . . . . . . . . . . . . Propulsion Burnouts . | . . . . . . . . . . . . Robots Hopped 1 | . . . . 1 . . . . . . . Potential Cave-ins . | . . . . . . . . . . . . Cave-ins Triggered . | . . . . . . . . . . . . Exploration Rate (%) 36 | 4 47 19 65 26 81 18 17 88 16 48 11 Regions Visited 11 Branch Regions 4 Pre-discovered Areas 2 | . . . 1 . . . . 1 . . . Known Exits Taken . | . . . . . . . . . . . . Unknown Exits Taken 11 | 1 1 1 1 1 1 1 1 1 1 1 . Scrap Searched 1 | . . . . . . . . 1 . . . Spaces Dug 11 | . 2 4 . . 5 . . . . . . Terrain Destroyed 879 | . 2 4 65 . 67 . 81 150 41 441 28 Melee 5 | . . . . . 5 . . . . . . Projectile 72 | . 2 4 . . . . 2 14 3 45 2 AOE 802 | . . . 65 . 62 . 79 136 38 396 26 Terrain Rammed 1 | . . . . . . . . . . 1 . Walls Destroyed . | . . . . . . . . . . . . Machines Disabled . | . . . . . . . . . . . . Actions | -11 -10 -9 -9 -8 -8 -7 -6 -6 -6 -5 -4 --------- Run | Yrd Mat Mat Min Mat Sto Fac Fac Low Low Fac Fac Total 7481 | 60 342 307 316 372 876 679 526 805 84 2823 291 Wait 174 | . 12 9 2 23 11 24 11 7 . 70 5 Move 6541 | 48 287 271 291 308 720 604 464 762 82 2444 260 Hop 1 | . . . . 1 . . . . . . . Pick Up 88 | 6 6 5 4 4 17 7 11 . . 23 5 Fast Attach 55 | 6 1 2 2 2 4 1 3 . . 31 3 Attach 51 | . . 3 2 5 1 8 6 2 . 22 2 Detach 7 | . . 1 . 2 . . . . . 4 . Swap 93 | . 3 3 2 4 30 . 4 9 . 38 . Drop 81 | . 6 7 3 2 13 2 4 . . 42 2 Fire 308 | . 27 6 8 7 60 21 19 21 2 130 7 Melee 60 | . . . . 14 19 12 3 4 . 4 4 Ram 4 | . . . . . . . . . . 1 3 Kick 1 | . . . . . . . . . . 1 . Crush 11 | . . . 2 . 1 . 1 . . 7 . Escape Stasis . | . . . . . . . . . . . . Rewire . | . . . . . . . . . . . . Trap . | . . . . . . . . . . . . Miscellaneous 6 | . . . . . . . . . . 6 . Route ------- -11/Scrapyard -10/Materials -9/Materials (discovered 2 exits: [*Min x2]) -9/Mines -8/Materials -8/Storage -7/Factory -6/Factory -6/Lower Caves -6/Lower Caves -5/Factory -4/Factory History --------- Turn | Location | Event 5 | -11/Scrapyard | Discovered new exit (range 15) 71 | -11/Scrapyard | Entered Materials 309 | -10/Materials | Build established: Mutant 398 | -10/Materials | Discovered new exit (range 17) 525 | -10/Materials | Entered another Materials area 525 | -9/Materials | Evolved 2 slots: Weapon x2 694 | -9/Materials | Discovered new exit (range 12) 786 | -9/Materials | Discovered new exit (range 13) 789 | -9/Materials | Entered Mines 845 | -9/Mines | Learned Materials terminal intel 964 | -9/Mines | Assembled infested the area 966 | -9/Mines | Learned location of Storage (-8) 1175 | -9/Mines | Discovered new exit (range 4) 1189 | -9/Mines | Entered Materials 1189 | -8/Materials | Evolved 2 slots: Propulsion x2 1190 | -8/Materials | Loaded intel: 12 terminal locations 1255 | -8/Materials | Discovered new exit (range 17) 1412 | -8/Materials | Entered Storage 1955 | -8/Storage | Build established: Scavenger-Skirmisher 2190 | -8/Storage | Assisted by bots powering up and referring to "LRC-V3" 2209 | -8/Storage | Garrison activated, responded to threat 2352 | -8/Storage | Discovered new exit (range 7) 2609 | -8/Storage | Lost 5 allies 2874 | -8/Storage | Entered Factory 2874 | -7/Factory | Evolved 2 slots: Power x1, Utility x1 3162 | -7/Factory | Build established: Scavenger-Gunner 3664 | -7/Factory | Lost 3 parts (3w) 3884 | -7/Factory | Garrison activated, responded to threat 3919 | -7/Factory | Lost 5 parts (1p3n1w) 3984 | -7/Factory | Discovered new exit (range 8) 4018 | -7/Factory | Entered another Factory area 4018 | -6/Factory | Evolved 2 slots: Propulsion x2 4553 | -6/Factory | Lost 4 parts (2n2w) 4889 | -6/Factory | Build established: Gunner 4909 | -6/Factory | Discovered new exit (range 15) 4934 | -6/Factory | Entered Lower Caves 5044 | -6/Lower Caves | Ambushed by wild Derelicts 5328 | -6/Lower Caves | Attracted the attention of an 0b10 outpost 5467 | -6/Lower Caves | Learned location of Zion (-6) 5475 | -6/Lower Caves | Learned 4 Factory zone layouts 5649 | -6/Lower Caves | Attracted the attention of an 0b10 checkpoint 6108 | -6/Lower Caves | Discovered new exit (range 3) 6257 | -6/Lower Caves | Encountered a Warlord checkpoint 6341 | -6/Lower Caves | Entered another Lower Caves area 6456 | -6/Lower Caves | Discovered new exit (range 15) 6489 | -6/Lower Caves | Entered Factory 6489 | -5/Factory | Evolved 2 slots: Propulsion x1, Utility x1 7224 | -5/Factory | Cargo convoy interrupted 7683 | -5/Factory | Build established: Scavenger-Gunner 8826 | -5/Factory | Lost 3 parts (2n1w) 9027 | -5/Factory | System corruption reached 10% 9267 | -5/Factory | Found PL-3XN's Ring of Power 9353 | -5/Factory | Found Prototype Launcher 9353 | -5/Factory | Identified Ragnarok Missile Launcher 9356 | -5/Factory | Found Ragnarok Missile Launcher 9489 | -5/Factory | First assault squad dispatched 9524 | -5/Factory | Lost 7 parts (2n1u4w) 9698 | -5/Factory | Destroyed 9 combat bots 9770 | -5/Factory | Lost 4 parts (1p1n2w) 9960 | -5/Factory | Spotted B-75 Beast 10102 | -5/Factory | Build established: Scavenger-Mutant 10376 | -5/Factory | Discovered new exit (range 12) 10403 | -5/Factory | Entered another Factory area 10403 | -4/Factory | Evolved 2 slots: Power x1, Utility x1 10424 | -4/Factory | Build established: Scavenger-Gunner 10509 | -4/Factory | Allied Derelicts emerged from ambush trap array 10604 | -4/Factory | Core integrity fell below 50% 10620 | -4/Factory | Core integrity fell below 20% 10626 | -4/Factory | Destroyed by G-67 Veteran with Field Laser Last Messages --------------- 10615_ Penetrated by Slug. 10615_ Destroyed Lgt. Nuclear Core. 10615_ Destroyed VTOL Module. 10615_ S-27 Virus destroyed. 10615_ Destroyed VTOL Module. 10615_ S-27 Virus destroyed. 10617_ Destroyed Autogun. 10617_ Destroyed VTOL Module. 10617_ S-27 Virus destroyed. 10617_ Recycling Unit disabled. 10617_ Corrupted Authchip [R/Combat] tumbles out of recycling unit. 10617_ Ragnarok Missile Launcher destroyed. 10617_ Destroyed Ragnarok Missile Launcher. 10617_ Hyp. Railgun tumbles out of recycling unit. 10618_ Slug penetrates Y-64 Sentinel. 10620_ The unstable cave ceiling collapses. 10620_ Penetrated by Slug. 10624_ Slug penetrates Wall. 10625_ The unstable cave ceiling collapses. [Achievement: Just Browsing] Map ----- +----------------------------------------------------+ | #????????????????# #???# [ #????? | | # ???#+??????????# #???#! #????? | | # #### ########### ##### """ """" #????# | | """ """" #???? | | / """ """" #??? | | T #??? | | #?? | | #??! | | ###### #############+#### #? | | #????# #???# # #? | | """ #????# #???# # # | | """ #######????# #???# """ """ / # | | """ ############ #???# """ """ # + | | ## """"" # ???+ """ """ # # | | ## "T"" ###???# !# # | | % ## #???????? """ """ ##### #? | | %+ #???????? """ """ #???# #? | | ########## !!= ##?????????"" """ #???#%#?? | | ?????????# !== #????????? #???# #?? | | ?????????# ] !== ##???????????? #???# #??? | | ?????????# #????????????? #???#%#??? | | ?????????######+####??????????????#######?# #????# | | ???????????#! #?????????????## # ### #????? | | ???????????# ############### ## ##???? | | ???????????# g h Y #???? | | ???????????# " th @ g Y T #???? | | ???????????# u #???? | | ???????????#= ############g# g ####???? | | ???????????# #???# # #??????? | | ????#########!/ ##???# """ # [! ##??????? | | ????# #[= #????# """ " # " ##???????? | | ????# #! #????# """ "" # "Y" #????????? | | ????# " #????# "" G # " " #????????? | | ????# """" # #????# "" "" # #????????? | | ????? """" # #????# " # #????????? | | ??????"""" ?# #????# ########????????? | | ??????"""" ?# #?################?????????????? | | ??????""""??# #?# #?????????????? | | ??????""""??# #?# % """""" #?????????????? | | ??????"""???# #?# """""" #?????????????? | | ???????? ???# #?# """""" #??############ | | ????????????# #?# """""" #??# | | ??????????### ### #??# | | ??????????# ####"######+####### | | ??????????# # | | ??????????# # | | ??????????# # | | ??????????# / | | ??????????# # | | ??????????# ! # | +----------------------------------------------------+ Best States ------------- Heat Dissipation 64 Energy Generation 31 Energy Capacity 520 Matter Stores 300 Matter Capacity 300 Sight Range 18 Terrain Scan Density 10 Cloak Strength 2 Evasion (%) 70 Targeting Accuracy 8 Target Analysis 6 Core Analysis 6 Recoil Reduction 6 Item Schematics ----------------- None Robot Schematics ------------------ None Fabricated ------------ Nothing Repaired ---------- Nothing Alien Tech Used ----------------- None Achievements -------------- It Was An Accident, I Swear Just Browsing Origins Challenges ------------ None Game ------ Seed MeleePartitionMeganuke Manual? 0 Play Time 02:30:44 Cumulative 33.3 hours Start 2025.09.14 @ 19:47:54 End 2025.09.17 @ 15:30:32 Sessions 9 Manual Loads 0 Difficulty Rogue Special Mode None Game No. 32 Rogue 32 Adventurer 0 Explorer 0 Win Type - Total 0 Types 0/0/0/0/0/0/0/0/0/0 Lore% 11 Gallery% 26 Achievement% 23 Wizard Run 0 Options --------- Layout 0 ASCII 0 Keyboard 0 Movement Mouse Keybinds 0 Fullscreen 1 Font 36/Proggy Map View 76x50 Zoom Use 0% Tactical HUD 1 Map Filters NONE Filters NONE Steam 1 RUN: ee82b151-539a-4fcf-b7d9-042b782ab506